 Dungeon Crawl Stone Soup version 0.29.1-15-g9cfb28693d (webtiles) character file.

Game seed: 5967797902993661469

1017 sentinel the Conjurer (level 8, -4/57 HPs)
             Began as a Meteoran Earth Elementalist on Aug 20, 2023.
             Was a Follower of Kikubaaqudgha.
             Slain by a killer bee (6 damage)
             ... on level 9 of the Dungeon.
             The game lasted 00:12:39 (1067 turns).

sentinel the Conjurer (Meteoran Earth Elementalist) Turns: 1067, Time: 00:12:39

Health: -4/57      AC:  6    Str:  9      XL:     8   Next: 74%
Magic:  9/16       EV: 12    Int: 19      God:    Kikubaaqudgha [*.....]
Gold:   0          SH:  0    Dex: 14 (15) Spells: 3/17 levels left

rFire   . . .      SeeInvis .   D - wand of digging (3)
rCold   . . .      Faith    .   (no shield)
rNeg    . . .      Spirit   .   a - +0 robe
rPois   .          Reflect  .   (no helmet)
rElec   .          Harm     .   q - +2 cloak
rCorr   .          Rampage  .   (no gloves)
Will    +....                   h - +0 pair of boots
Stlth   +.........              e - amulet of regeneration
HPRegen 0.99/turn               b - ring of flight
MPRegen 0.15/turn               (no ring)

@: lethally poisoned (-4 -> -13), about to teleport, flying, glowing
A: sense surroundings 1, otherworldly, glowing, explore regen
a: Renounce Religion, Unearth Wretches


You were on level 9 of the Dungeon.
You worshipped Kikubaaqudgha.
Kikubaaqudgha was aware of your devotion.
You visited 2 branches of the dungeon, and saw 10 of its levels.

Inventory:

Missiles
 o - a boomerang of dispersal
Armour
 a - a +0 robe (worn)
 h - a +0 pair of boots (worn)
 q - a +2 cloak (worn)
Jewellery
 b - a ring of flight (left hand)
 e - an amulet of regeneration (around neck)
Wands
 A - a wand of quicksilver (8)
 D - a wand of digging (3) (in hand)
Scrolls
 k - a scroll of silence {!r}
 l - a scroll of poison
 r - a scroll of identify
Potions
 c - 2 potions of flight {unknown}
 d - 2 potions of curing {unknown}
 f - a potion of berserk rage {unknown}
 g - a potion of mutation {unknown}
 i - 2 potions of heal wounds {unknown}


   Skills:
 - Level 2.4 Dodging
 - Level 1.4 Stealth
 - Level 5.0 Spellcasting
 + Level 6.6 Conjurations
 - Level 1.2 Transmutations
 + Level 4.2 Ice Magic
 + Level 4.6 Air Magic
 - Level 5.0 Earth Magic


You had 3 spell levels left.
You knew the following spells:

 Your Spells              Type           Power      Damage    Failure   Level
a - Sandblast             Erth           46%        2d11      1%          1
b - Freezing Cloud        Conj/Ice/Air   12%        6-21      38%         5
g - Apportation           Tloc           8%         N/A       12%         1
h - Stone Arrow           Conj/Erth      52%        3d10      3%          3
j - Passwall              Tmut/Erth      13%        N/A       5%          2
Z - Sublimation of Blood  Necr           4%         N/A       19%         2

Your spell library contained the following spells:

 Spells                   Type           Power      Damage    Failure   Level
 Frozen Ramparts          Ice            40%        1d7       7%          3
 Mephitic Cloud           Conj/Pois/Air  19%        N/A       8%          3
 Necrotise                Necr           16%        1d4       12%         1
 Summon Small Mammal      Summ           16%        N/A       12%         1
 Ignite Poison            Fire/Tmut/Pois 6%         N/A       32%         3
 Call Canine Familiar     Summ           4%         N/A       36%         3
 Summon Guardian Golem    Hex/Summ       4%         N/A       36%         3
 Vampiric Draining        Necr           4%         2d6       36%         3
 Petrify                  Tmut/Erth      16%        N/A       34%         4
 Ice Form                 Ice/Tmut       15%        N/A       38%         4
 Summon Ice Beast         Ice/Summ       12%        N/A       45%         4
 Anguish                  Hex/Necr       2%         N/A       77%         4
 Death's Door             Necr           2%         N/A       100%        9


Dungeon Overview and Level Annotations

Branches:
Dungeon (9/15) Zot: 4287   Temple (1/1) D:4 Zot: 581
   Lair: D:8-11         Orc: D:9-12

Altars:
Dithmenos
Elyvilon
Gozag
Hepliaklqana
Kikubaaqudgha
Okawaru
Sif Muna
Uskayaw
Xom
Yredelemnul

Shops:
D:1 (   D:4 [

Annotations:
D:9 1 transporter


Innate Abilities, Weirdness & Mutations

You passively map a small area around you.
You are easily found by Zot.
You glow in the dark.
You regain HP and MP as you explore.


Message History

You feel very sick. The killer bee misses you.
The killer bee closely misses you. x2
The blast of sand hits the killer bee!
You kill the killer bee!
Kikubaaqudgha accepts your kill.
You feel sick.
You feel your dexterity returning.
Your Ice Magic skill increases to level 4!
Casting: Sandblast (safe; 1% risk of failure)
Confirm with . or Enter, or press ? or * to list all spells.
Aiming: Apportation (safe; 12% risk of failure)
Press: ? - help, Dir - move target Apport: a wand of quicksilver (8) Yoink!
You pull the item towards yourself.
You feel sick.
Casting: Apportation (safe; 12% risk of failure)
Confirm with . or Enter, or press ? or * to list all spells.
Aiming: Apportation (safe; 12% risk of failure)
Press: ? - help, Dir - move target Apport: a wand of quicksilver (8) Yoink!
You pull the item towards yourself.
You feel sick.
A - a wand of quicksilver (8)
You feel sick.
You feel sick.
You see here a killer bee corpse.
Casting: Apportation (safe; 12% risk of failure)
Confirm with . or Enter, or press ? or * to list all spells.
You draw magical energy from your own body!
You feel sick.
You are no longer poisoned.
Casting: Sublimation of Blood (safe; 19% risk of failure)
Confirm with . or Enter, or press ? or * to list all spells.
You draw magical energy from your own body!
A necrophage comes into view.
You can't see any susceptible monsters within range! (Use Z to cast anyway.)
You can't see any susceptible monsters within range! (Use Z to cast anyway.)
The blast of sand misses the necrophage.
The blast of sand hits the necrophage!
The necrophage is moderately damaged.
The blast of sand hits the necrophage!
The necrophage is almost destroyed.
The necrophage hits you but does no damage.
The necrophage barely misses you.
The blast of sand hits the necrophage!
You destroy the necrophage!
Kikubaaqudgha accepts your kill.
Unknown command.
As you read the scroll of enchant armour, it crumbles to dust.
Your +1 cloak glows green for a moment.
Okay, then.
You see here a killer bee corpse.
There is a stone staircase leading down here.
You fly downwards.
Level annotation: 1 transporter The killer bee stings you.
The killer bee misses you. The killer bee barely misses you.
The killer bee stings you. x2
The killer bee barely misses you.
There is a stone staircase leading up here.
You reach down and open the door.
The killer bee barely misses you. The killer bee closely misses you.
The killer bee barely misses you. x2
The killer bee attacks as you move away!
The killer bee stings you. The killer bee closely misses you.
The killer bee misses you.
There is an open door here.
The killer bee attacks as you move away!
The killer bee misses you.
Aiming: Sandblast (safe; 1% risk of failure)
Press: ? - help, Q - select action, (/) - cycle Shift-Dir - straight line, f - killer bee
Aim: a killer bee (65% to hit)
Okay, then.
Throw: 5 boomerangs (disperse)
Press: ? - help, Shift-Dir - straight line, f - you That boomerang of dispersal is likely to hit you.
Continue anyway?
You throw a boomerang of dispersal.
The boomerang of dispersal hits you but does no damage.
The killer bee stings you.
You are poisoned.
The killer bee poisons you!
The killer bee stings you but does no damage.
The killer bee barely misses you. The killer bee stings you.
The killer bee barely misses you. The killer bee completely misses you.
Throw: 4 boomerangs (disperse)
Press: ? - help, Shift-Dir - straight line, f - you That boomerang of dispersal is likely to hit you.
Continue anyway?
You throw a boomerang of dispersal.
The boomerang of dispersal barely misses you.
You feel very sick. The killer bee stings you.
You are more poisoned.
The killer bee poisons you! The killer bee closely misses you. x2
The killer bee stings you.
Unknown command.
Aiming: Sandblast (safe; 1% risk of failure)
Press: ? - help, Q - select action, (/) - cycle Shift-Dir - straight line, f - killer bee
Aim: a killer bee (65% to hit)
Okay, then.
You feel very sick. The killer bee barely misses you.
The killer bee stings you.
Aiming: Quicksilver Bolt
Press: ? - help, Shift-Dir - straight line, f - killer bee
Aim: a killer bee (43% to hit)
Okay, then.
Casting: Sandblast (safe; 1% risk of failure)
Confirm with . or Enter, or press ? or * to list all spells.
Aiming: Stone Arrow (dangerous; 3% risk of failure)
Press: ? - help, Shift-Dir - straight line, f - killer bee
Aim: a killer bee (43% to hit)
Okay, then.
Throw: 3 boomerangs (disperse)
Press: ? - help, Shift-Dir - straight line, f - you That boomerang of dispersal is likely to hit you.
Continue anyway?
You throw a boomerang of dispersal.
The boomerang of dispersal hits you but does no damage.
You feel very sick. The killer bee stings you.
The killer bee stings you but does no damage.
The killer bee misses you.
The killer bee stings you but does no damage.
The killer bee stings you.
You are more poisoned.
The killer bee poisons you! The killer bee closely misses you.
Throw: 2 boomerangs (disperse)
Press: ? - help, Shift-Dir - straight line, f - you That boomerang of dispersal is likely to hit you.
Continue anyway?
You throw a boomerang of dispersal.
The boomerang of dispersal completely misses you.
You feel very sick. The killer bee closely misses you.
The killer bee stings you.
You are more poisoned.
The killer bee poisons you!
The killer bee stings you but does no damage. x3
The killer bee closely misses you.
Okay, then.
As you read the scroll of teleportation, it crumbles to dust.
You feel strangely unstable.
You feel very sick. The killer bee stings you.
The killer bee stings you but does no damage.
The killer bee stings you. x2
You are lethally poisoned!
The killer bee poisons you!
HP warning!
* * * LOW HITPOINT WARNING * * *
You feel very sick. The killer bee stings you.
* * * LOW HITPOINT WARNING * * *
The killer bee stings you.
You die...
Kikubaaqudgha rasps: "You have failed me!
Welcome... death!"

, ,+ ... * * * , ,
* *8... ,, * *,
*... ** , ### ,,
#######+#,, ..
###.........#### ,
##.'.........+... ,
###y.#<........####
, #.@y##........ *
# ,, ,,
#.####..?..... * #
, ...* #........,
..###* #....)... *
... #........, * ..
, #........ .
#######+#* , * *


You could see 2 killer bees.

Vanquished Creatures
  A water moccasin (D:9)
  An orc warrior (D:8)
  A sky beast (D:7)
  An ice beast (D:8)
  An ogre (D:4)
  A phantom (D:5)
  A bullfrog (D:6)
  A necrophage (D:8)
  2 killer bees
  An orc priest (D:7)
  A gnoll bouda (D:8)
  Natasha (twice) (D:3)
  2 orc wizards
  3 adders
  3 gnolls (D:8)
  A white imp (D:7)
  An ufetubus (D:5)
  7 orcs
  3 ball pythons
  3 endoplasms
  A giant cockroach (D:3)
  3 kobolds
  2 bats
  A goblin (D:4)
  5 rats
49 creatures vanquished.

Notes
Turn   | Place    | Note
-------+----------+-------------------------------------------
     0 | D:1      | sentinel the Meteoran Earth Elementalist began the quest
                  | for the Orb.
     0 | D:1      | Reached XP level 1. HP: 14/14 MP: 5/5
   140 | D:1      | Learned a level 1 spell: Apportation
   143 | D:1      | Found Coaschoq's Weapon Shop.
   160 | D:2      | Reached XP level 2. HP: 20/20 MP: 3/6
   163 | D:2      | Learned a level 2 spell: Passwall
   253 | D:1      | Reached XP level 3. HP: 26/26 MP: 6/8
   266 | D:2      | Learned a level 3 spell: Stone Arrow
   388 | D:3      | Noticed Natasha
   392 | D:3      | Killed Natasha
   393 | D:3      | Reached skill level 1 in Conjurations
   393 | D:3      | Reached skill level 5 in Earth Magic
   393 | D:3      | Reached XP level 4. HP: 31/33 MP: 2/9
   403 | D:4      | Found a staircase to the Ecumenical Temple.
   413 | Temple   | Entered the Ecumenical Temple
   422 | Temple   | Became a worshipper of Kikubaaqudgha
   454 | D:4      | Found Rienlem's Armour Shoppe.
   501 | D:3      | Noticed Natasha
   505 | D:3      | Reached skill level 2 in Conjurations
   510 | D:3      | Killed Natasha
   511 | D:3      | Reached XP level 5. HP: 38/38 MP: 3/11
   525 | D:4      | Noticed an ogre
   556 | D:4      | Killed an ogre
   556 | D:4      | Noticed a necrophage
   557 | D:4      | Reached skill level 3 in Conjurations
   557 | D:4      | Reached XP level 6. HP: 41/45 MP: 3/13
   559 | D:5      | Entered Level 5 of the Dungeon
   566 | D:5      | Reached skill level 5 in Spellcasting
   566 | D:5      | Reached skill level 4 in Conjurations
   617 | D:5      | Learned a level 5 spell: Freezing Cloud
   635 | D:6      | Reached skill level 1 in Ice Magic
   635 | D:6      | Reached skill level 1 in Air Magic
   635 | D:6      | Reached XP level 7. HP: 50/50 MP: 10/15
   721 | D:7      | Reached * piety under Kikubaaqudgha
   721 | D:7      | Received a gift from Kikubaaqudgha
   725 | D:7      | Learned a level 2 spell: Sublimation of Blood
   744 | D:7      | Reached skill level 5 in Conjurations
   846 | D:9      | Noticed a wizard
   846 | D:9      | Found a transporter.
   846 | D:9      | Found a shimmering altar of Xom.
   849 | D:9      | Noticed a troll
   853 | D:9      | Got Gloorx Vloq's Quarto of Malignant Arts
   879 | D:9      | Noticed a water moccasin
   881 | D:9      | Killed a water moccasin
   882 | D:9      | Reached XP level 8. HP: 57/57 MP: 9/16
   945 | D:8      | Reached skill level 6 in Conjurations
  1067 | D:9      | HP: 2/57 [killer bee (3)]
  1067 | D:9      | Slain by a killer bee

Illustrated notes

Levels and vault maps discovered:
D:1:      dpeg_arrival_circle_labyrinth_c, layout_basic, serial_shops,
          nicolae_shop_competitors_out_of_business
D:2:      layout_rooms
D:3:      layout_basic, minmay_snake_closets, uniq_robin, uniq_natasha
D:4:      layout_layer_cave, tso_oasis_becter, temple_pool_b, serial_shops, shop
D:5:      layout_basic, cheibrodos_worm_habitat, kennysheep_boxes
D:6:      layout_cave_pools, nemelex_diamond_rough_becter, fedhas_altar_3,
          jmf_multi_god_temple2
D:7:      layout_gridville, serial_shops, kennysheep_little_box
D:8:      layout_loops_ring, cheibrodos_ashenzari_chains, hangedman_decor_push
D:9:      layout_roguey, gammafunk_temple_overflow_arena, zin_angel,
          uniq_maggie, uniq_erica
Temple:   compressed_dpeg_triangle_lava_temple

Skill      XL: |  1  2  3  4  5  6  7  8 |
---------------+-------------------------+-----
Earth Magic    | 4 5 |  5.0
Spellcasting   | 3 4 5 |  5.0
Conjurations   | 1 2 3 4 5 6 |  6.6
Ice Magic      | 1 3 4 |  4.2
Air Magic      | 1 3 4 |  4.6
Dodging        | |  2.4
Stealth        | |  1.4
Transmutations | |  1.2

Action                   |  1- 3 |  4- 6 |  7- 9 || total
-------------------------+-------+-------+-------++-------
Throw: Boomerang         |       |       |     5 ||     5
 Cast: Sandblast         |    23 |    22 |    38 ||    83
       Passwall          |     1 |       |       ||     1
       Stone Arrow       |       |     3 |    16 ||    19
       Apportation       |       |     9 |    17 ||    26
       Sublimation of Bl |       |       |     2 ||     2
Evoke: Wand              |       |       |     1 ||     1
  Use: Scroll            |       |       |     9 ||     9
       Potion            |       |       |     3 ||     3
Armor: Robe              |     1 |    11 |    18 ||    30
Dodge: Dodged            |     7 |    16 |    42 ||    65
